 Dungeon Crawl Stone Soup version 0.19-a0-1107-gc676ff4 (webtiles) character file.

1180 4thArraOfDagon the Cleaver (level 8, 0/64 HPs)
             Began as a Minotaur Berserker on Aug 9, 2016.
             Was a Believer of Trog.
             Slain by a troll (8 damage)
             ... on level 9 of the Dungeon.
             The game lasted 00:05:36 (1107 turns).

4thArraOfDagon the Cleaver (Minotaur Berserker)     Turns: 1107, Time: 00:05:37

Health: 0/64       AC: 13    Str: 22    XL:     8   Next: 19%
Magic:  7/7        EV: 10    Int: 11    God:    Trog [**....]
Gold:   79         SH:  0    Dex: 10    Spells: 0 memorised, 7 levels left

rFire  . . .     SeeInvis .     l - +0 war axe
rCold  . . .     Gourm    .     q - +0 plate armour
rNeg   . . .     Faith    .     (no shield)
rPois  .         Spirit   .     (helmet restricted)
rElec  .         Dismiss  .     (no cloak)
rCorr  .         Reflect  .     (no gloves)
SustAt .         Harm     .     (no boots)
MR     ++...                    (no amulet)
Stlth  ..........               (no ring)
                                e - +3 ring of evasion

@: brilliant, regenerating
A: retaliatory headbutt, horns 2
a: Berserk, Trog's Hand, Burn Spellbooks, Renounce Religion


You were on level 9 of the Dungeon.
You worshipped Trog.
Trog was pleased with you.
You were hungry.

You visited 1 branch of the dungeon, and saw 9 of its levels.

You collected 79 gold pieces.

Inventory:

Hand Weapons
 a - a +0 hand axe
 l - a +0 war axe (weapon)
Armour
 b - a +0 animal skin
 j - the +2 ring mail of New Discoveries {Int+5}
   (You found it on level 4 of the Dungeon)

   It affects your intelligence (+5).
 q - a +0 plate armour (worn)
Jewellery
 e - a +3 ring of evasion (left hand)
Wands
 i - a wand of confusion (27/48)
Scrolls
 h - a scroll of identify {unknown}
 k - a scroll of enchant armour {unknown}
 n - a scroll of remove curse {unknown}
 r - a scroll of fog {unknown}
Potions
 m - a potion of mutation {unknown}
 p - a potion of degeneration {unknown}
Comestibles
 c - a bread ration
 d - a beef jerky
 g - 3 chunks of flesh
 o - 2 slices of pizza


   Skills:
 - Level 3.6 Fighting
 * Level 10.2 Axes
 + Level 7.0 Armour
 - Level 2.1 Dodging


You had 7 spell levels left.
You didn't know any spells.

Dungeon Overview and Level Annotations

Branches:
Dungeon (9/15)             Temple (0/1) D:6
   Lair: D:8-11         Orc: D:9-12

Altars:
Fedhas

Annotations:
D:7 WhatIsLove's ghost, novice DrTm


Innate Abilities, Weirdness & Mutations

You reflexively headbutt those who attack you in melee.
You have a pair of horns on your head.


Message History

The adder bites you but does no damage.
Unknown command.
Your skin crawls.
You feel resistant to hostile enchantments.
You are feeling hungry.
The centaur misses you. The troll bites you.
* * * LOW HITPOINT WARNING * * *
The troll claws you!
* * * LOW HITPOINT WARNING * * *
The troll closely misses you. The adder bites you.
* * * LOW HITPOINT WARNING * * *
Unknown command.
Unknown command.
Unknown command.
It was a potion of brilliance.
You feel clever all of a sudden. The centaur closely misses you.
You furiously retaliate!
You headbutt the centaur, but do no damage.
The adder bites you but does no damage. The troll bites you!
You die...

.#.....................
.#..[...................
..........((............
...........(............
........................
....#...................
....#.........(.........
....#..........S........
...............T@.......
..###..........c........
..###...................
........................
........................
........................
......(.................
........................
...........


You could see a troll, a centaur and an adder.

Vanquished Creatures
  Sigmund (D:4)
  2 ogres
  An orc warrior (D:9)
  3 centaurs
  3 giant frogs
  A killer bee (D:7)
  3 howler monkeys (D:7)
  An orc wizard (D:9)
  3 hounds
  A worker ant (D:5)
  A hound skeleton (D:5)
  An adder (D:7)
  A dart slug (D:1)
  4 orcs
  A bat (D:2)
  A goblin (D:2)
  A hobgoblin (D:1)
  2 jackals (D:4)
  4 kobolds
  A quokka (D:9)
  2 giant newts
  2 rats
40 creatures vanquished.

Vanquished Creatures (others)
  A jelly (D:8)
1 creature vanquished.

Grand Total: 41 creatures vanquished

Notes
Turn   | Place    | Note
-------+----------+-------------------------------------------
     0 | D:1      | 4thArraOfDagon the Minotaur Berserker began the quest for the Orb.
     0 | D:1      | Reached XP level 1. HP: 19/19 MP: 0/0
    82 | D:1      | Reached skill level 4 in Axes
    92 | D:2      | Reached XP level 2. HP: 15/26 MP: 1/1
   171 | D:4      | Noticed Sigmund
   184 | D:4      | Killed Sigmund
   184 | D:4      | Reached skill level 6 in Axes
   184 | D:4      | Reached XP level 3. HP: 26/31 MP: 2/2
   184 | D:4      | Reached XP level 4. HP: 33/39 MP: 3/3
   184 | D:4      | Reached XP level 5. HP: 38/45 MP: 4/4
   240 | D:5      | Entered Level 5 of the Dungeon
   297 | D:5      | Reached skill level 7 in Axes
   334 | D:4      | Reached XP level 6. HP: 39/51 MP: 5/5
   338 | D:4      | Got an encrusted ring mail
   349 | D:4      | Identified the +2 ring mail of New Discoveries {Int+5} (You found it on level 4 of the Dungeon)
   398 | D:5      | Reached skill level 5 in Armour
   515 | D:6      | Found a staircase to the Ecumenical Temple.
   584 | D:6      | Reached skill level 8 in Axes
   584 | D:6      | Reached XP level 7. HP: 57/57 MP: 6/6
   647 | D:7      | Noticed a hungry ghost
   648 | D:7      | Noticed a hippogriff
   725 | D:7      | Reached skill level 9 in Axes
   862 | D:7      | Noticed WhatIsLove's ghost (novice DrTm)
   863 | D:7      | Reached ** piety under Trog
   905 | D:8      | Found a blossoming altar of Fedhas.
   961 | D:8      | Reached XP level 8. HP: 44/64 MP: 7/7
  1009 | D:9      | Reached skill level 10 in Axes
  1071 | D:9      | Noticed a troll
  1107 | D:9      | Slain by a troll

Vault maps used:
D:1:      sevenhm_arrival_forest_fort_small_2, minmay_surrounded
D:2:      lemuel_round_altar, first_bread
D:4:      black_bear_nest_1, serial_shops, shop, serial_co_window_serial,
          co_window_corner_a, co_window_of_opportunity_a, co_window_corner_a,
          co_window_corner_a, co_window_paths_b, co_window_of_opportunity_a,
          co_window_2corner, co_window_of_opportunity_c,
          co_window_unsneaky_path_e, co_window_sun, glass_columns_c,
          glass_columns_c, glass_columns_a, glass_columns_a,
          uniq_crazy_yiuf_cottage, uniq_sigmund
D:5:      lemuel_insect_pit, uniq_menkaure
D:6:      serial_shops, shop_scrolls, roderic_lattice_a, minmay_checkerbox
D:7:      uniq_duvessa
D:8:      david_lair_generic, basic_altar

Skill      XL: |  1  2  3  4  5  6  7  8 |
---------------+-------------------------+-----
Axes           | 4 6 7 8 9 10 | 10.2
Armour         | 4 5 6 7 |  7.0
Fighting       | |  3.6
Dodging        | |  2.1

Action                   |  1- 3 |  4- 6 |  7- 9 || total
-------------------------+-------+-------+-------++-------
Melee: Hand axe          |    20 |    24 |       ||    44
       Headbutt          |     3 |     7 |     9 ||    19
       War axe           |       |     1 |    43 ||    44
Invok: Berserk           |     1 |     3 |     2 ||     6
       Trog's Hand       |       |       |     1 ||     1
  Use: Potion            |       |     1 |     2 ||     3
       Scroll            |       |       |     2 ||     2
 Stab: Invisible         |       |     1 |       ||     1
  Eat: Chunk             |       |     2 |     5 ||     7
Armor: Animal skin       |     3 |     2 |       ||     5
       Ring mail         |       |     3 |    18 ||    21
       Plate armour      |       |       |     8 ||     8
Dodge: Dodged            |    20 |    25 |    48 ||    93
